PCL
VANCOUVER VIPERS @ ALBUQUERQUE ISOTOPES
09/23/2023
 
TOP OF THE 1ST
Vancouver Vipers batting - Pitching for Albuquerque Isotopes : RHP Jason Dodd
Pitching: RHP Jason Dodd
Batting: RHB Guillermo Sánchez 0-0: Ball
1-0: Ball
2-0: Ball
3-0: Called Strike
3-1: Foul Ball, location: 2F
3-2: Foul Ball, location: 2F
3-2: Base on Balls
Batting: RHB Oscar Rudd 0-0: Ball
1-0: Ball
2-0: SINGLE (Line Drive, 34D)
Guillermo Sánchez to second
Batting: RHB Dan Tyler 0-0: Called Strike
0-1: Ball
1-1: Ball
2-1: SINGLE (Groundball, 6MD)
Guillermo Sánchez to third
Oscar Rudd to second
Batting: SHB Henry Copeland 0-0: Called Strike
0-1: Fly out, F8 (Flyball, 89XD)
Runner from 3rd tags up, SCORES, no throw
Batting: RHB Júlio Figueroa 0-0: Ball
1-0: Grounds into double play, U6-3 (Groundball, 6M)
Top of the 1st over - 1 run(s), 2 hit(s), 0 error(s), 1 left on base; Vancouver 1 - Albuquerque 0
BOTTOM OF THE 1ST
Albuquerque Isotopes batting - Pitching for Vancouver Vipers : RHP Martin Atkins
Pitching: RHP Martin Atkins
Batting: RHB Adrián García 0-0: Ball
1-0: Ball
2-0: Called Strike
2-1: Ground out 4-3 (Groundball, 4)
Batting: LHB David Griffin 0-0: Ball
1-0: Ball
2-0: Swinging Strike
2-1: Ground out 3-1 (Groundball, 3L)
Batting: RHB Edward Young 0-0: Ball
1-0: Fly out, F2 (Popup, 23F)
Bottom of the 1st over - 0 run(s), 0 hit(s), 0 error(s), 0 left on base; Vancouver 1 - Albuquerque 0
TOP OF THE 2ND
Vancouver Vipers batting - Pitching for Albuquerque Isotopes : RHP Jason Dodd
Batting: RHB Lorenzo González 0-0: Ball
1-0: Ball
2-0: Ball
3-0: Called Strike
3-1: Bunt missed!
3-2: Ground out 3-1 (Groundball, 34S)
Batting: RHB Cristo Gilera 0-0: Ball
1-0: SINGLE (Groundball, 56D)
Batting: RHB Tomás Estrada 0-0: Called Strike
0-1: Ball
1-1: Ball
2-1: Swinging Strike
2-2: Foul Ball, location: 2F
2-2: Fly out, F7 (Flyball, 78XD)
Batting: RHB Kenneth Corbitt 0-0: Ball
1-0: Called Strike
1-1: Foul Ball, location: 2F
1-2: Ball
2-2: Ball
3-2: Ground out 2-3 (Groundball, 2L)
Top of the 2nd over - 0 run(s), 1 hit(s), 0 error(s), 1 left on base; Vancouver 1 - Albuquerque 0
BOTTOM OF THE 2ND
Albuquerque Isotopes batting - Pitching for Vancouver Vipers : RHP Martin Atkins
Batting: LHB Juan Carlos Sánchez 0-0: Called Strike
0-1: Called Strike
0-2: Ball
1-2: Foul Ball, location: 2F
1-2: Strikes out swinging
Batting: RHB Adrian Prouse 0-0: Ball
1-0: Ball
2-0: Foul Ball, location: 2F
2-1: SINGLE (Line Drive, 7S)
Batting: LHB Donald Camp 0-0: Called Strike
0-1: Ball
1-1: Called Strike
1-2: Foul Ball, location: 2F
1-2: Ball
2-2: Foul Ball, location: 2F
2-2: Ball
3-2: Fly out, F5 (Popup, 5D)
Batting: RHB Roberto Cardona 0-0: Ball
1-0: Swinging Strike
1-1: Ball
Adrian Prouse steals 2nd base
2-1: Ball
3-1: Ground out 2-3 (Groundball, 25)
Bottom of the 2nd over - 0 run(s), 1 hit(s), 0 error(s), 1 left on base; Vancouver 1 - Albuquerque 0
TOP OF THE 3RD
Vancouver Vipers batting - Pitching for Albuquerque Isotopes : RHP Jason Dodd
Batting: RHB Guillermo Sánchez 0-0: Called Strike
0-1: Ball
1-1: Foul Ball, location: 2F
1-2: Ball
2-2: Ground out 6-3 (Groundball, 6MS)
Batting: RHB Oscar Rudd 0-0: Ball
1-0: SINGLE (Line Drive, 34)
Batting: RHB Dan Tyler 0-0: Ball
1-0: Called Strike
1-1: Called Strike
1-2: Foul Ball, location: 2F
1-2: Grounds into double play, 6-4-3 (Groundball, 6)
Top of the 3rd over - 0 run(s), 1 hit(s), 0 error(s), 0 left on base; Vancouver 1 - Albuquerque 0
BOTTOM OF THE 3RD
Albuquerque Isotopes batting - Pitching for Vancouver Vipers : RHP Martin Atkins
Batting: RHB Len Burke 0-0: SINGLE (Groundball, 2L) (infield hit)
Batting: RHB Roberto Pérez 0-0: SINGLE (Line Drive, 56D)
Len Burke to second
Batting: RHB Adrián García 0-0: Swinging Strike
0-1: Ball
1-1: Ball
2-1: Ball
Wild Pitch!
Len Burke to third
Roberto Pérez to second
3-1: Foul Ball, location: 2F
3-2: Foul Ball, location: 2F
3-2: Strikes out swinging
Batting: LHB David Griffin 0-0: Ball
1-0: Called Strike
1-1: Called Strike
1-2: Strikes out swinging
Batting: RHB Edward Young 0-0: Ball
1-0: Ball
2-0: Foul Ball, location: 2F
2-1: Foul Ball, location: 2F
2-2: Fly out, F5 (Popup, 5)
Bottom of the 3rd over - 0 run(s), 2 hit(s), 0 error(s), 2 left on base; Vancouver 1 - Albuquerque 0
TOP OF THE 4TH
Vancouver Vipers batting - Pitching for Albuquerque Isotopes : RHP Jason Dodd
Batting: SHB Henry Copeland 0-0: Ground out U3 (Groundball, 3L)
Batting: RHB Júlio Figueroa 0-0: Swinging Strike
0-1: Fly out, F6 (Line Drive, 6)
Batting: RHB Lorenzo González 0-0: Ball
1-0: Ball
2-0: Ground out 1-3 (Groundball, 15)
Top of the 4th over - 0 run(s), 0 hit(s), 0 error(s), 0 left on base; Vancouver 1 - Albuquerque 0
BOTTOM OF THE 4TH
Albuquerque Isotopes batting - Pitching for Vancouver Vipers : RHP Martin Atkins
Batting: LHB Juan Carlos Sánchez 0-0: Fly out, F9 (Line Drive, 9M)
Batting: RHB Adrian Prouse 0-0: Ball
1-0: Ball
2-0: Ball
3-0: Base on Balls
Batting: LHB Donald Camp 0-0: Ball
Adrian Prouse steals 2nd base
1-0: Foul Ball, location: 2F
1-1: Foul Ball, location: 2F
1-2: Fly out, F6 (Popup, 5D)
Batting: RHB Roberto Cardona 0-0: Called Strike
0-1: Ball
1-1: Foul Ball, location: 2F
1-2: Ball
2-2: Strikes out swinging
Bottom of the 4th over - 0 run(s), 0 hit(s), 0 error(s), 1 left on base; Vancouver 1 - Albuquerque 0
TOP OF THE 5TH
Vancouver Vipers batting - Pitching for Albuquerque Isotopes : RHP Jason Dodd
Batting: RHB Cristo Gilera 0-0: Ball
1-0: Ball
2-0: Swinging Strike
2-1: Reached on Error, E9 (Flyball, 9S)
Batting: RHB Tomás Estrada 0-0: Ball
Cristo Gilera steals 2nd base
1-0: Ball
2-0: SINGLE (Line Drive, 4D)
Cristo Gilera to third
Runner from 3rd tries for Home, SAFE, no throw or cutoff
Batting: RHB Kenneth Corbitt 0-0: Ball
1-0: Foul Ball, location: 2F
1-1: Called Strike
1-2: Ball
2-2: Foul Ball, location: 2F
2-2: Ball
Tomás Estrada steals 2nd base
Balk!
Tomás Estrada to third
3-2: Ground out 6-3 (Groundball, 56)
Tomás Estrada scores
Batting: RHB Guillermo Sánchez 0-0: Ball
1-0: Ball
2-0: Ball
3-0: Ground out 6-3 (Groundball, 6)
Batting: RHB Oscar Rudd 0-0: Ground out U3 (Groundball, 3)
Top of the 5th over - 2 run(s), 1 hit(s), 1 error(s), 0 left on base; Vancouver 3 - Albuquerque 0
BOTTOM OF THE 5TH
Albuquerque Isotopes batting - Pitching for Vancouver Vipers : RHP Martin Atkins
Batting: RHB Len Burke 0-0: SINGLE (Groundball, 56D)
Batting: RHB Roberto Pérez 0-0: Swinging Strike
0-1: Ball
1-1: Foul Ball, location: 2F
1-2: Ball
2-2: Ball
3-2: Strikes out swinging
Batting: RHB Adrián García 0-0: Called Strike
0-1: Ball
1-1: Foul Ball, location: 2F
1-2: Ball
2-2: Ball
3-2: Foul Ball, location: 2F
3-2: Base on Balls
Len Burke to second
Pitching: LHP Theron Lilly
Batting: LHB David Griffin 0-0: Called Strike
0-1: Ball
1-1: Foul Ball, location: 2F
1-2: Foul Ball, location: 2F
1-2: Ball
2-2: Strikes out swinging
Batting: RHB Edward Young 0-0: Ball
1-0: Ball
2-0: Called Strike
2-1: Foul Ball, location: 2F
2-2: DOUBLE (Line Drive, 78D)
Len Burke scores
Adrián García to third
Batting: LHB Juan Carlos Sánchez 0-0: Called Strike
0-1: Ball
1-1: Ball
2-1: Ball
3-1: Fly out, F9 (Line Drive, 9D)
Bottom of the 5th over - 1 run(s), 2 hit(s), 0 error(s), 2 left on base; Vancouver 3 - Albuquerque 1
TOP OF THE 6TH
Vancouver Vipers batting - Pitching for Albuquerque Isotopes : RHP Jason Dodd
Batting: RHB Dan Tyler 0-0: SINGLE (Line Drive, 7LS)
Batting: SHB Henry Copeland 0-0: Foul Ball, location: 2F
0-1: Foul Ball, location: 2F
0-2: Strikes out swinging
Batting: RHB Júlio Figueroa 0-0: Ball
1-0: Called Strike
1-1: Fly out, F6 (Popup, 56D)
Batting: RHB Lorenzo González 0-0: Ground out 5-3 (Groundball, 15S)
Top of the 6th over - 0 run(s), 1 hit(s), 0 error(s), 1 left on base; Vancouver 3 - Albuquerque 1
BOTTOM OF THE 6TH
Albuquerque Isotopes batting - Pitching for Vancouver Vipers : LHP Theron Lilly
Batting: RHB Adrian Prouse 0-0: Foul Ball, location: 2F
0-1: Ball
1-1: Ball
2-1: Swinging Strike
2-2: Foul Ball, location: 2F
2-2: Ball
3-2: Foul Ball, location: 2F
3-2: Foul Ball, location: 2F
3-2: Fly out, F8 (Flyball, 8RS)
Batting: LHB Donald Camp 0-0: Called Strike
0-1: Foul Ball, location: 2F
0-2: Ball
1-2: Ball
2-2: Ground out U3 (Groundball, 3L)
Batting: RHB Roberto Cardona 0-0: Fly out, F4 (Popup, 4MD)
Bottom of the 6th over - 0 run(s), 0 hit(s), 0 error(s), 0 left on base; Vancouver 3 - Albuquerque 1
TOP OF THE 7TH
Vancouver Vipers batting - Pitching for Albuquerque Isotopes : RHP Jason Dodd
Pitching: LHP Dave Rice
Batting: RHB Cristo Gilera 0-0: SINGLE (Line Drive, 34)
Batting: RHB Tomás Estrada 0-0: Ball
1-0: Sac Bunt - play at first, batter OUT! 1-4
Cristo Gilera to second
Batting: RHB Kenneth Corbitt 0-0: Hit by Pitch
Batting: RHB Guillermo Sánchez 0-0: Called Strike
0-1: Fielders Choice at 2nd, 6-4 (Groundball, 6M)
Cristo Gilera to third
Pinch Hitting: RHB Mario López 0-0: Ball
1-0: Ball
2-0: Fielders Choice at 2nd, U6 (Groundball, 6M)
Top of the 7th over - 0 run(s), 1 hit(s), 0 error(s), 2 left on base; Vancouver 3 - Albuquerque 1
BOTTOM OF THE 7TH
Albuquerque Isotopes batting - Pitching for Vancouver Vipers : LHP Theron Lilly
Now in CF: Cipriano Soto
Batting: RHB Len Burke 0-0: Ball
1-0: Ball
2-0: Called Strike
2-1: SINGLE (Line Drive, 4M)
Pitching: LHP Jack Taylor
Batting: RHB Roberto Pérez 0-0: Ground out 6-3 (Groundball, 56D)
Len Burke to second
Batting: RHB Adrián García 0-0: Called Strike
0-1: Foul Ball, location: 2F
0-2: SINGLE (Flyball, 89M)
Len Burke to third
Runner from 3rd tries for Home, SAFE, throw made home
Adrián García to second
Pinch Hitting: SHB Chris Atkinson 0-0: Swinging Strike
0-1: Ball
1-1: Swinging Strike
1-2: Ball
2-2: Foul Ball, location: 2F
2-2: Strikes out looking
Batting: RHB Edward Young 0-0: Ball
1-0: Ball
2-0: Called Strike
2-1: Ball
3-1: Foul Ball, location: 2F
3-2: Foul Ball, location: 2F
3-2: Base on Balls
Pinch Hitting: RHB Sze Qi Single, Error in OF, E9, batter to second base
Adrián García scores
Edward Young to third
Batting: RHB Adrian Prouse 0-0: Ball
1-0: Called Strike
1-1: Foul Ball, location: 2F
1-2: SINGLE (Groundball, 34D)
Edward Young scores
Sze Qi to third
Pitching: RHP Jeffrey Campbell
Pinch Hitting: LHB Mark Vestal 0-0: Ground out 4-3 (Groundball, 4)
Bottom of the 7th over - 3 run(s), 4 hit(s), 1 error(s), 2 left on base; Vancouver 3 - Albuquerque 4
TOP OF THE 8TH
Vancouver Vipers batting - Pitching for Albuquerque Isotopes : LHP Dave Rice
Pitching: LHP Austin Wall
Now at 1B: Sze Qi
Now at 2B: Nelson Salgado
Now at 3B: Tony McLaughlin
Batting: RHB Dan Tyler 0-0: Swinging Strike
0-1: Called Strike
0-2: Ball
1-2: Strikes out swinging
Pitching: RHP Arthur Smith
Batting: SHB Henry Copeland 0-0: Ball
1-0: Called Strike
1-1: SINGLE (Line Drive, 8LS)
Pinch Runner at 1st Malcolm Thomas:
Batting: RHB Júlio Figueroa 0-0: Called Strike
0-1: Swinging Strike
0-2: Ball
1-2: DOUBLE (Flyball, 89D)
Malcolm Thomas to third
Pinch Hitting: LHB Ray Spencer 0-0: SINGLE (Line Drive, 89M)
Malcolm Thomas scores
Júlio Figueroa to third
Pinch Hitting: LHB Cipriano Miranda 0-0: DOUBLE (Groundball, 5L)
Júlio Figueroa scores
Ray Spencer to third
Runner from 3rd tries for Home, SAFE, no throw or cutoff
Batting: RHB Tomás Estrada 0-0: Intentional Walk
Pitching: RHP Pepe Hernández
Pinch Hitting: RHB Marvin Workman 0-0: Ball
1-0: Grounds into double play, 6-4-3 (Groundball, 6M)
Top of the 8th over - 3 run(s), 4 hit(s), 0 error(s), 1 left on base; Vancouver 6 - Albuquerque 4
BOTTOM OF THE 8TH
Albuquerque Isotopes batting - Pitching for Vancouver Vipers : RHP Jeffrey Campbell
Now at 1B: Marvin Workman
Now at 2B: Cal Rogers
Now at 3B: Cipriano Miranda
Now at SS: Francisco Rodríguez
Batting: RHB Roberto Cardona 0-0: Ball
1-0: Ball
2-0: Ball
3-0: Base on Balls
Batting: RHB Len Burke 0-0: Ball
1-0: Foul Ball, location: 2F
1-1: Ball
2-1: Foul Ball, location: 2F
2-2: Foul Ball, location: 2F
2-2: Foul Ball, location: 2F
2-2: Foul Ball, location: 2F
2-2: Ball
3-2: Strikes out swinging
Roberto Cardona steals 2nd base
Batter strikes out.
Batting: RHB Roberto Pérez 0-0: Ground out 6-3 (Groundball, 6M)
Roberto Cardona to third
Batting: RHB Adrián García 0-0: Fly out, F4 (Popup, 3F)
Bottom of the 8th over - 0 run(s), 0 hit(s), 0 error(s), 1 left on base; Vancouver 6 - Albuquerque 4
TOP OF THE 9TH
Vancouver Vipers batting - Pitching for Albuquerque Isotopes : RHP Pepe Hernández
Batting: RHB Guillermo Sánchez 0-0: Ground out 4-3 (Groundball, 4M)
Batting: SHB Cipriano Soto 0-0: Ball
1-0: Ball
2-0: Ball
3-0: Base on Balls
Batting: RHB Dan Tyler 0-0: DOUBLE (Line Drive, 7D)
Cipriano Soto to third
Pinch Hitting: RHB Enrique Flores 0-0: Ball
1-0: Ball
2-0: Ball
3-0: Base on Balls
Batting: RHB Júlio Figueroa 0-0: Foul Ball, location: 2F
0-1: SINGLE (Groundball, 56D)
Cipriano Soto scores
Dan Tyler to third
Enrique Flores to second
Runner from 3rd tries for Home, SAFE, no throw or cutoff
Batting: RHB Francisco Rodríguez 0-0: DOUBLE (Line Drive, 89S)
Enrique Flores scores
Júlio Figueroa to third
Pitching: RHP Jay Lloyd
Batting: LHB Cipriano Miranda 0-0: Called Strike
0-1: Ball
1-1: Swinging Strike
1-2: Strikes out swinging
Batting: RHB Tomás Estrada 0-0: Called Strike
0-1: Fly out, F9 (Flyball, 9M)
Top of the 9th over - 3 run(s), 3 hit(s), 0 error(s), 2 left on base; Vancouver 9 - Albuquerque 4
BOTTOM OF THE 9TH
Albuquerque Isotopes batting - Pitching for Vancouver Vipers : RHP Jeffrey Campbell
Now at 2B: Enrique Flores
Batting: RHB Nelson Salgado 0-0: Called Strike
0-1: Called Strike
0-2: Ball
1-2: Ball
2-2: Ground out 4-3 (Groundball, 34)
Batting: RHB Edward Young 0-0: Ball
1-0: Foul Ball, location: 2F
1-1: Ball
2-1: Ball
3-1: SINGLE (Line Drive, 7LS)
Batting: RHB Sze Qi 0-0: Ball
1-0: Swinging Strike
1-1: Ball
2-1: Foul Ball, location: 2F
2-2: Foul Ball, location: 2F
2-2: Foul Ball, location: 2F
2-2: Ball
3-2: Strikes out swinging
Batting: RHB Adrian Prouse 0-0: Called Strike
0-1: Ball
1-1: Ball
2-1: Foul Ball, location: 2F
2-2: Fly out, F8 (Popup, 8RS)
Bottom of the 9th over - 0 run(s), 1 hit(s), 0 error(s), 1 left on base; Vancouver 9 - Albuquerque 4
This league is powered by Out of the Park Baseball, the baseball management simulation game for PC, Mac and Linux
Wednesday, December 2nd, 2015 - OOTP Baseball 16.8 Build 38